AoeStats
← Element

Arena

509925117Analyzed
4v4 RM · 3d ago on Sep 28, 2026· 18m 23s· 8 players
Game mode
Random Map
Map size
Large (8 player)
Population
200
Speed
Normal
Resources
Standard
Victory
Conquest
Starting age
Dark Age
Ending age
Imperial Age
RankedLock teamsTeams togetherTeam positionsShared explorationLock speedFull tech treeHidden civsTurbo modeCheats
Victory
Defeat
🇦🇷 Bohemians · Argentina
1322
+14
🇦🇷 Burmese · Argentina
1321
+14
🇨🇭 Bulgarians · Switzerland
1286
+16
🇧🇷 Turks · Brazil
1278
+16
🇨🇳 Varangians · China
1316
-16
🇭🇰 Teutons · Hong Kong SAR China
1273
-15
🇭🇰 Khmer · Hong Kong SAR China
1273
-15
🇭🇰 Sicilians · Hong Kong SAR China
1249
-14
Pancho
5:11 Loom
9:18 Feudal Age
Vinci_PL
11:34 Feudal Age
13:03 Loom
16:01 Castle Age
20:44 Imperial Age
Element
10:11 Feudal Age
10:38 Loom
15:08 Castle Age
17:38 Fletching
antoniomarcial
10:31 Feudal Age
12:32 Loom
15:16 Castle Age
13:24 Double-Bit Axe
14:59 Gold Mining
14:58 Horse Collar
MaGicPK
10:48 Feudal Age
14:36 Castle Age
13:54 Double-Bit Axe
13:53 Horse Collar
16:09 Loom
bbhin
6:41 Loom
7:00 Loom
9:15 Feudal Age
10:10 Double-Bit Axe
12:07 Fletching
Hung Kaho
10:43 Feudal Age
13:36 Castle Age
11:39 Horse Collar
12:27 Double-Bit Axe
14:28 Bow Saw
种田使我快乐
10:03 Feudal Age
14:56 Castle Age
13:20 Horse Collar
13:27 Double-Bit Axe
15:29 Wheelbarrow
14:41 Loom
Connection lost

Rejoining the realm…

Still unreachable

The connection could not be restored.

Session expired

The server has moved on; the page needs a fresh start.